[Event "Lueneburg Open-A 2019"]
[Site "Lueneburg"]
[Date "2019.08.08"]
[Round "6.34"]
[White "Buchaeckert, Juergen"]
[Black "Kiesel, Lucas"]
[Result "0-1"]
[ECO "B00"]
[WhiteElo "1839"]
[BlackElo "1966"]
[Annotator "NA"]
[PlyCount "102"]
[EventDate "2019.08.03"]
[EventType "swiss"]
[EventCountry "GER"]
[SourceTitle "playchess.com"]
[Source "ChessBase"]
[SourceQuality "1"]
[TimeControl "40/5400+30:1800+30"]

1. e4 e5 2. d4 Nc6 3. dxe5 Nxe5 4. Nf3 Nxf3+ 5. Qxf3 Bc5 6. Bc4 Qe7 7. O-O d6 8. Nc3 c6 9. Qg3 Nf6 10. Bg5 h6 11. Bd2 Be6 12. Bd3 Bb6 13. b4 g5 14. Rae1 Nh5 15. Qf3 g4 16. Qe2 Qh4 17. Be3 Bc7 18. g3 Qf6 19. Bd2 O-O-O 20. b5 Bb6 21. bxc6 bxc6 22. Na4 Kc7 23. Nxb6 axb6 24. e5 dxe5 25. Qxe5+ Qxe5 26. Rxe5 Nf6 27. Bf4 Kb7 28. Rb1 Nd5 29. Bd2 Ra8 30. Rb2 Ra4 31. c4 Ne7 32. Be3 Nc8 33. c5 b5 34. Be4 Bc4 35. Bf5 Bxa2 36. Bxc8+ Kxc8 37. Re2 Bd5 38. Re1 Re4 39. Rh5 Re6 40. Ra1 Kb7 41. Rb1 Ka6 42. Ra1+ Kb7 43. Rb1 Be4 44. Rd1 Ka6 45. Ra1+ Kb7 46. Rd1 Ra8 47. Rd7+ Kc8 48. Rd1 b4 49. Bxh6 Bc2 50. Rf1 b3 51. Bf4 b2 0-1

[Event "Lueneburg Open-A 2019"]
[Site "Lueneburg"]
[Date "2019.08.08"]
[Round "6.35"]
[White "Fabregas, Oliver"]
[Black "Chmielewski, Axel"]
[Result "1/2-1/2"]
[ECO "A01"]
[WhiteElo "1956"]
[BlackElo "1811"]
[Annotator "NA"]
[PlyCount "108"]
[EventDate "2019.08.03"]
[EventType "swiss"]
[EventCountry "GER"]
[SourceTitle "playchess.com"]
[Source "ChessBase"]
[SourceQuality "1"]
[TimeControl "40/5400+30:1800+30"]

1. b3 Nf6 2. Bb2 d5 3. e3 g6 4. c4 e6 5. Nf3 Bg7 6. d4 O-O 7. Bd3 Nbd7 8. O-O b6 9. Qe2 Bb7 10. Nbd2 Ne4 11. Rac1 c5 12. Rfd1 Rc8 13. Nf1 Qe7 14. Ne1 Rfd8 15. f3 Nef6 16. cxd5 exd5 17. Nc2 Qe6 18. Nd2 Re8 19. Re1 Bh6 20. f4 Bg7 21. Rf1 Ne4 22. Bxe4 dxe4 23. g4 f5 24. g5 Bd5 25. Rfd1 a6 26. Nb1 b5 27. Nc3 c4 28. b4 Nb6 29. h4 Bb7 30. Kf2 Nd5 31. Nxd5 Bxd5 32. Bc3 Kf7 33. Rh1 Qd6 34. h5 Rb8 35. Rh4 a5 36. a3 a4 37. Rch1 Rh8 38. Ke1 Rbe8 39. Kd2 Ke7 40. R1h2 Qb8 41. Qg2 Kd7 42. Qh1 Kc6 43. Ne1 Kb6 44. Ng2 Bf7 45. hxg6 hxg6 46. Rxh8 Rxh8 47. Rxh8 Qxh8 48. Qxh8 Bxh8 49. Nh4 Kc7 50. d5 Bxc3+ 51. Kxc3 Kd6 52. Kd4 Be8 53. Ng2 Bf7 54. Ne1 Bxd5 1/2-1/2

[Event "Lueneburg Open-A 2019"]
[Site "Lueneburg"]
[Date "2019.08.08"]
[Round "6.36"]
[White "Nyenhuis, Yannek"]
[Black "Schulze, Lukas"]
[Result "1-0"]
[ECO "A57"]
[WhiteElo "1927"]
[BlackElo "1724"]
[Annotator "NA"]
[PlyCount "79"]
[EventDate "2019.08.03"]
[EventType "swiss"]
[EventCountry "GER"]
[SourceTitle "playchess.com"]
[Source "ChessBase"]
[SourceQuality "1"]
[TimeControl "40/5400+30:1800+30"]

1. d4 Nf6 2. c4 c5 3. d5 b5 4. Nf3 bxc4 5. Nc3 d6 6. e4 Ba6 7. e5 dxe5 8. Nxe5 Bb7 9. Bxc4 g6 10. Qb3 Qb6 11. Bb5+ Nfd7 12. Na4 Qd6 13. Nxd7 Nxd7 14. Qc3 Rg8 15. Nxc5 Bc8 16. O-O Qxd5 17. Be3 Bg7 18. Qc2 Qe5 19. Rad1 Qc7 20. Bxd7+ Bxd7 21. Rxd7 Qb8 22. b3 Qb4 23. Rfd1 Be5 24. Qe4 Qxe4 25. Nxe4 f6 26. Rxa7 Rc8 27. g3 Bc7 28. Rc1 Kd7 29. Bb6 Rb8 30. Bxc7 Rb5 31. Bf4+ Ke6 32. a4 Rb4 33. Nd2 Rd8 34. Re1+ Kf5 35. Rexe7 h5 36. Ra5+ Kg4 37. Kg2 Rb5 38. h3+ Kf5 39. Rxb5+ Rd5 40. Rxd5# 1-0

[Event "Lueneburg Open-A 2019"]
[Site "Lueneburg"]
[Date "2019.08.08"]
[Round "6.37"]
[White "Nixdorf, Andre"]
[Black "Indinger, Alexander"]
[Result "1-0"]
[ECO "D53"]
[WhiteElo "1936"]
[BlackElo "1764"]
[Annotator "NA"]
[PlyCount "91"]
[EventDate "2019.08.03"]
[EventType "swiss"]
[EventCountry "GER"]
[SourceTitle "playchess.com"]
[Source "ChessBase"]
[SourceQuality "1"]
[TimeControl "40/5400+30:1800+30"]

1. d4 d5 2. Nf3 Nf6 3. c4 e6 4. Nc3 Be7 5. Bg5 Nbd7 6. e3 h6 7. Bh4 Ne4 8. Bxe7 Qxe7 9. Rc1 Nxc3 10. Rxc3 O-O 11. cxd5 exd5 12. Rxc7 Qd6 13. Qc2 Nb6 14. Rc3 Bd7 15. Bd3 Na4 16. Rb3 Rac8 17. Qd2 Nb6 18. O-O Rc7 19. Rc1 Rfc8 20. Rbc3 Na4 21. Rxc7 Rxc7 22. Rxc7 Qxc7 23. b3 Nb6 24. Qc2 Qxc2 25. Bxc2 f6 26. Kf1 Nc8 27. Ke2 Nd6 28. Nd2 Nb5 29. Nb1 Kf7 30. a4 Nd6 31. Nc3 Ke6 32. a5 b6 33. axb6 axb6 34. Bh7 Bc6 35. Bg8+ Nf7 36. f3 Ke7 37. h4 Kf8 38. Bh7 Nd6 39. Bd3 Ke7 40. e4 Ke6 41. Ke3 g5 42. g3 gxh4 43. gxh4 Nb7 44. exd5+ Bxd5 45. Nxd5 Kxd5 46. Be4+ 1-0

[Event "Lueneburg Open-A 2019"]
[Site "Lueneburg"]
[Date "2019.08.09"]
[Round "7.1"]
[White "Vorobiov, Evgeny E."]
[Black "Ertan, Can"]
[Result "1-0"]
[ECO "A18"]
[WhiteElo "2578"]
[BlackElo "2396"]
[Annotator "ChessBase"]
[PlyCount "136"]
[EventDate "2019.08.03"]
[EventType "swiss"]
[EventCountry "GER"]
[SourceTitle "playchess.com"]
[Source "ChessBase"]
[SourceQuality "1"]
[TimeControl "40/5400+30:1800+30"]

1. c4 Nf6 2. Nc3 e6 3. e4 e5 4. Nf3 Nc6 5. Be2 Bc5 6. Nxe5 Nxe5 7. d4 Bb4 8. dxe5 Nxe4 9. Qd4 Nxc3 10. bxc3 Be7 11. Bf4 O-O 12. Rd1 d6 13. exd6 cxd6 14. O-O Be6 15. Bf3 Rc8 16. Qxa7 Rxc4 17. Be3 b5 18. Bd4 Ra4 19. Qb7 Qd7 20. Qxd7 Bxd7 21. Bd5 Be6 22. Bb3 Ra6 23. Rfe1 d5 24. Re3 Bd6 25. Rde1 Rd8 26. g3 Raa8 27. Kg2 Rac8 28. h4 Kf8 29. Rb1 Bc5 30. Rd1 Rc6 31. f3 Rdc8 32. Kf2 Ke7 33. Bxc5+ Rxc5 34. Rxd5 Rxc3 35. Rxb5 Rxe3 36. Kxe3 Rc3+ 37. Kf4 Bxb3 38. axb3 h5 39. Re5+ Kf6 40. Re3 Rc1 41. b4 Rb1 42. Re4 Rb3 43. Rc4 g6 44. Rc6+ Kg7 45. Rb6 Kh6 46. Ke4 Kg7 47. Rb7 Kf6 48. b5 Rb4+ 49. Kd5 Rb3 50. Kc4 Rxf3 51. Rd7 Rxg3 52. b6 Rg1 53. b7 Rb1 54. Kc5 Rc1+ 55. Kd6 Rb1 56. Kc7 Kf5 57. Rxf7+ Kg4 58. Rg7 Rc1+ 59. Kd7 Rd1+ 60. Kc8 Rf1 61. Rxg6+ Kxh4 62. b8=Q Rf8+ 63. Kc7 Rxb8 64. Kxb8 Kh3 65. Kc7 h4 66. Kd6 Kh2 67. Ke5 h3 68. Kf4 Kh1 1-0

[Event "Lueneburg Open-A 2019"]
[Site "Lueneburg"]
[Date "2019.08.09"]
[Round "7.2"]
[White "Ovsejevitsch, Sergei"]
[Black "Sriram, Jha"]
[Result "1-0"]
[ECO "B10"]
[WhiteElo "2590"]
[BlackElo "2381"]
[Annotator "ChessBase"]
[PlyCount "71"]
[EventDate "2019.08.03"]
[EventType "swiss"]
[EventCountry "GER"]
[SourceTitle "playchess.com"]
[Source "ChessBase"]
[SourceQuality "1"]
[TimeControl "40/5400+30:1800+30"]

1. c4 c6 2. e4 d5 3. exd5 cxd5 4. cxd5 Nf6 5. Nc3 g6 6. Bc4 Bg7 7. Nge2 O-O 8. O-O Nbd7 9. d3 a6 10. a4 Nb6 11. Qb3 Bg4 12. Ng3 h5 13. h3 Bd7 14. Re1 Nc8 15. Qxb7 Nd6 16. Qb3 Qc8 17. Nce4 Bxh3 18. gxh3 Qxh3 19. Ng5 Qd7 20. Qd1 Ng4 21. Qf3 Ne5 22. Qg2 Ndxc4 23. dxc4 Rac8 24. Nf3 Nxc4 25. Bg5 Rfe8 26. Re2 Qxd5 27. Nxh5 Bxb2 28. Rae1 Qa5 29. Nf6+ Bxf6 30. Bxf6 Nd6 31. Bxe7 Qxa4 32. Ng5 Kg7 33. Ne6+ fxe6 34. Bxd6 Qc6 35. Be5+ Kf7 36. Re4 1-0

[Event "Lueneburg Open-A 2019"]
[Site "Lueneburg"]
[Date "2019.08.09"]
[Round "7.3"]
[White "Kollars, Dmitrij"]
[Black "Colpe, Malte"]
[Result "1-0"]
[ECO "C65"]
[WhiteElo "2581"]
[BlackElo "2367"]
[Annotator "ChessBase"]
[PlyCount "143"]
[EventDate "2019.08.03"]
[EventType "swiss"]
[EventCountry "GER"]
[SourceTitle "playchess.com"]
[Source "ChessBase"]
[SourceQuality "1"]
[TimeControl "40/5400+30:1800+30"]

1. e4 e5 2. Nf3 Nc6 3. Bb5 Nf6 4. d3 Bc5 5. c3 O-O 6. Nbd2 d6 7. O-O Ne7 8. d4 exd4 9. cxd4 Bb6 10. Re1 Bg4 11. h3 Bh5 12. a4 a6 13. Bf1 Re8 14. a5 Ba7 15. Ra4 Nc6 16. Qb3 b5 17. axb6 Bxb6 18. Bxa6 Bxf3 19. Nxf3 Ba5 20. Bb7 Rb8 21. Re2 Qd7 22. Qb5 Nd8 23. Qxd7 Nxd7 24. Ba6 Bb4 25. Bd3 c5 26. Be3 cxd4 27. Bxd4 Nc6 28. Bc4 Nc5 29. Bxc5 Bxc5 30. b3 h6 31. Kf1 g6 32. Ne1 Nb4 33. g4 Re7 34. Ng2 Nc6 35. Nf4 Ne5 36. Bd5 Kg7 37. Kg2 Nd7 38. Ra6 Rb6 39. Rea2 Nf6 40. Rxb6 Bxb6 41. Ba8 g5 42. Nd3 Re8 43. Ra6 Rb8 44. Bc6 h5 45. f3 hxg4 46. hxg4 Ng8 47. Ra8 Rxa8 48. Bxa8 Ne7 49. b4 Kf6 50. Bd5 Ng6 51. Nb2 Ne5 52. b5 Bd4 53. Nd1 Ke7 54. Kg3 Kd7 55. Bb7 Kc7 56. Ba6 Kb6 57. f4 gxf4+ 58. Kxf4 Nd3+ 59. Kf3 Nc5 60. Ne3 Bxe3 61. Kxe3 Ne6 62. Kf3 Kc5 63. Kg3 Nc7 64. Kf4 d5 65. exd5 Nxd5+ 66. Ke4 f6 67. Bb7 Ne7 68. Bc6 Ng6 69. Kf5 Ne5 70. g5 fxg5 71. Kxe5 g4 72. Kf4 1-0

[Event "Lueneburg Open-A 2019"]
[Site "Lueneburg"]
[Date "2019.08.09"]
[Round "7.5"]
[White "Sebastian, Dirk"]
[Black "Wronn, Bernd"]
[Result "1-0"]
[ECO "B11"]
[WhiteElo "2453"]
[BlackElo "2128"]
[Annotator "RC"]
[PlyCount "59"]
[EventDate "2019.08.03"]
[EventType "swiss"]
[EventCountry "GER"]
[SourceTitle "playchess.com"]
[Source "ChessBase"]
[SourceQuality "1"]
[TimeControl "40/5400+30:1800+30"]

1. e4 c6 2. Nc3 d5 3. Nf3 Nf6 4. e5 Ne4 5. Ne2 Qb6 6. d4 e6 7. Nfg1 f6 8. f3 Ng5 9. exf6 gxf6 10. f4 Nf7 11. Nf3 e5 12. fxe5 fxe5 13. Ng3 Bg4 14. Be2 Bxf3 15. Bxf3 Bg7 16. Nf5 O-O 17. O-O Bf6 18. Bh5 Kh8 19. Nh6 Nd6 20. Nf7+ Rxf7 21. Bxf7 Ne4 22. Kh1 Nd7 23. Be6 Rd8 24. Bf5 Qxd4 25. Qh5 Nf8 26. Bh6 Nd6 27. Bxf8 Nxf5 28. Rxf5 Rxf8 29. Qh6 Qxb2 30. Qxf8# 1-0

[Event "Lueneburg Open-A 2019"]
[Site "Lueneburg"]
[Date "2019.08.09"]
[Round "7.6"]
[White "Hommer, Jeremy"]
[Black "Voigt, Martin"]
[Result "1-0"]
[ECO "D00"]
[WhiteElo "2083"]
[BlackElo "2344"]
[Annotator "NA"]
[PlyCount "127"]
[EventDate "2019.08.03"]
[EventType "swiss"]
[EventCountry "GER"]
[SourceTitle "playchess.com"]
[Source "ChessBase"]
[SourceQuality "1"]
[TimeControl "40/5400+30:1800+30"]

1. d4 d5 2. Bf4 Nf6 3. e3 c5 4. c3 Nc6 5. Nd2 cxd4 6. exd4 Bf5 7. Ngf3 e6 8. Nh4 Be4 9. Nxe4 Nxe4 10. Nf3 Bd6 11. Bxd6 Nxd6 12. Bd3 O-O 13. O-O b5 14. Re1 h6 15. Qe2 Qb6 16. Ne5 Nxe5 17. dxe5 Nc4 18. b3 Na3 19. Qg4 a5 20. Re3 f5 21. Qg6 Ra7 22. g4 Raf7 23. gxf5 Rxf5 24. Bxf5 Rxf5 25. Rg3 Rf7 26. Kh1 d4 27. Rag1 Qb7+ 28. f3 dxc3 29. Qxe6 Kh8 30. Qe8+ Kh7 31. e6 Re7 32. Qg6+ Kh8 33. Rh3 Kg8 34. Qf5 Qb6 35. Rxh6 Qxg1+ 36. Kxg1 gxh6 37. Qc5 c2 38. Qxa3 Rxe6 39. Kf2 Rc6 40. Qc1 Kg7 41. Ke3 Kg6 42. Ke4 b4 43. h4 Rc3 44. h5+ Kf7 45. f4 Kf6 46. f5 Kf7 47. Ke5 Rc5+ 48. Kd6 Rc3 49. f6 Kxf6 50. Qxh6+ Kf5 51. Qc1 Ke4 52. h6 Kd3 53. h7 Rc8 54. Qf1+ Kd2 55. Qg2+ Kc1 56. Qg8 Rxg8 57. hxg8=Q Kb2 58. Qg2 Kb1 59. Qe4 Kb2 60. Qe2 Kb1 61. Qd3 Kb2 62. Qd2 Kb1 63. Kc5 a4 64. bxa4 1-0

[Event "Lueneburg Open-A 2019"]
[Site "Lueneburg"]
[Date "2019.08.09"]
[Round "7.7"]
[White "Wachinger, David"]
[Black "Kolbus, Dietmar"]
[Result "1/2-1/2"]
[ECO "D70"]
[WhiteElo "2045"]
[BlackElo "2281"]
[Annotator "NA"]
[PlyCount "82"]
[EventDate "2019.08.03"]
[EventType "swiss"]
[EventCountry "GER"]
[SourceTitle "playchess.com"]
[Source "ChessBase"]
[SourceQuality "1"]
[TimeControl "40/5400+30:1800+30"]

1. d4 Nf6 2. c4 g6 3. f3 d5 4. cxd5 Nxd5 5. e4 Nb6 6. Nc3 Bg7 7. Be3 O-O 8. Qd2 e5 9. d5 c6 10. h4 cxd5 11. exd5 f5 12. Bg5 Bf6 13. O-O-O Na6 14. Nh3 Bxg5 15. Nxg5 h6 16. Nh3 Kg7 17. Nf2 Bd7 18. Kb1 Rc8 19. Be2 Nc5 20. g4 fxg4 21. Nxg4 Bxg4 22. fxg4 Rf4 23. Qe3 Nbd7 24. g5 hxg5 25. hxg5 Qxg5 26. Rdg1 Qf5+ 27. Ka1 Rh8 28. Rxh8 Kxh8 29. Qg3 Kg7 30. Rh1 Nf6 31. d6 Nce4 32. Nxe4 Qxe4 33. Qh2 Qc6 34. Bd3 Kf7 35. Qh6 Ke6 36. Bxg6 Qxd6 37. Bc2 Kd7 38. Rd1 Rd4 39. Rf1 Rf4 40. Rd1 Rd4 41. Rf1 Rf4 1/2-1/2

[Event "Lueneburg Open-A 2019"]
[Site "Lueneburg"]
[Date "2019.08.09"]
[Round "7.8"]
[White "Poeck, Ole"]
[Black "von Estorff, Jacob"]
[Result "1/2-1/2"]
[ECO "B38"]
[WhiteElo "2259"]
[BlackElo "2055"]
[Annotator "NA"]
[PlyCount "71"]
[EventDate "2019.08.03"]
[EventType "swiss"]
[EventCountry "GER"]
[SourceTitle "playchess.com"]
[Source "ChessBase"]
[SourceQuality "1"]
[TimeControl "40/5400+30:1800+30"]

1. e4 c5 2. Nf3 Nc6 3. d4 cxd4 4. Nxd4 g6 5. c4 Bg7 6. Be3 Nf6 7. Nc3 d6 8. f3 Bd7 9. Qd2 O-O 10. Nc2 Rc8 11. Rb1 a6 12. Na4 Be6 13. Nb6 Rc7 14. a4 Nd7 15. a5 Qb8 16. b3 Nxb6 17. Bxb6 Rcc8 18. Ne3 Ne5 19. Be2 Nd7 20. Bd4 Bxd4 21. Qxd4 Qc7 22. Ra1 Nc5 23. Ra3 Rb8 24. b4 Nd7 25. f4 f6 26. O-O b6 27. Nd5 Bxd5 28. cxd5 bxa5 29. Rxa5 Qb6 30. Qxb6 Rxb6 31. Rxa6 Rxb4 32. Ra7 Nc5 33. Bf3 Rf7 34. e5 Rb7 35. Ra5 Rf8 36. exd6 1/2-1/2

[Event "Lueneburg Open-A 2019"]
[Site "Lueneburg"]
[Date "2019.08.09"]
[Round "7.9"]
[White "Jurkic, Bosiljko"]
[Black "Buchenau, Frank"]
[Result "1-0"]
[ECO "C06"]
[WhiteElo "2046"]
[BlackElo "2294"]
[Annotator "NA"]
[PlyCount "75"]
[EventDate "2019.08.03"]
[EventType "swiss"]
[EventCountry "GER"]
[SourceTitle "playchess.com"]
[Source "ChessBase"]
[SourceQuality "1"]
[TimeControl "40/5400+30:1800+30"]

1. e4 e6 2. d4 d5 3. Nd2 Nf6 4. e5 Nfd7 5. Bd3 c5 6. c3 b6 7. Ndf3 Ba6 8. Bxa6 Nxa6 9. Ne2 Be7 10. O-O Nc7 11. Re1 c4 12. h3 b5 13. Nh2 Nb6 14. Nf4 a5 15. Nh5 g6 16. Nf6+ Bxf6 17. exf6 Qxf6 18. Ng4 Qe7 19. Bh6 Nd7 20. Qf3 f6 21. Bf4 Ra7 22. Qg3 Kd8 23. Bd6 Qf7 24. b3 h5 25. Nh2 Ne8 26. Bc5 h4 27. Qe3 Nxc5 28. dxc5 e5 29. bxc4 bxc4 30. Rab1 Rb7 31. c6 Rc7 32. Rb8+ Ke7 33. Qc5+ Ke6 34. Rd8 Kf5 35. Rxd5 Kg5 36. Rdxe5+ fxe5 37. Qxe5+ Qf5 38. Nf3+ 1-0

[Event "Lueneburg Open-A 2019"]
[Site "Lueneburg"]
[Date "2019.08.09"]
[Round "7.10"]
[White "Koenig, Christian"]
[Black "Weishaeutel, Moritz"]
[Result "0-1"]
[ECO "B92"]
[WhiteElo "2026"]
[BlackElo "2276"]
[Annotator "NA"]
[PlyCount "64"]
[EventDate "2019.08.03"]
[EventType "swiss"]
[EventCountry "GER"]
[SourceTitle "playchess.com"]
[Source "ChessBase"]
[SourceQuality "1"]
[TimeControl "40/5400+30:1800+30"]

1. e4 c5 2. Nf3 d6 3. d4 cxd4 4. Nxd4 Nf6 5. Nc3 a6 6. Be2 Nbd7 7. g4 h6 8. f4 b5 9. Bf3 Bb7 10. a3 g6 11. Nde2 Bg7 12. Ng3 Rc8 13. Bd2 Nb6 14. Qe2 Nc4 15. Bc1 Nd7 16. Nd1 Qa5+ 17. c3 Qa4 18. Ne3 Nc5 19. Nxc4 bxc4 20. O-O Nd3 21. Be3 Qb5 22. Rab1 Bc6 23. h4 Bf6 24. g5 hxg5 25. hxg5 Bg7 26. f5 Be5 27. fxg6 fxg6 28. Bg4 Bxg3 29. Bd4 Rh4 30. Qf3 Bf4 31. Bxc8 Qxg5+ 32. Qg2 Bxe4 0-1

[Event "Lueneburg Open-A 2019"]
[Site "Lueneburg"]
[Date "2019.08.09"]
[Round "7.11"]
[White "Anderberg, Peter"]
[Black "Lubbe, Melanie"]
[Result "0-1"]
[ECO "A41"]
[WhiteElo "2014"]
[BlackElo "2258"]
[Annotator "NA"]
[PlyCount "126"]
[EventDate "2019.08.03"]
[EventType "swiss"]
[EventCountry "GER"]
[SourceTitle "playchess.com"]
[Source "ChessBase"]
[SourceQuality "1"]
[TimeControl "40/5400+30:1800+30"]

1. d4 d6 2. c4 e5 3. d5 f5 4. e4 fxe4 5. Nc3 Nf6 6. Nge2 Bf5 7. Ng3 Bg6 8. Bg5 Be7 9. Bxf6 gxf6 10. h4 Qd7 11. Ncxe4 Na6 12. Be2 f5 13. Ng5 Bxg5 14. hxg5 O-O-O 15. Nh5 Qe7 16. Qd2 Nc5 17. Nf6 h6 18. O-O-O f4 19. b4 Na4 20. Bg4+ Kb8 21. Rh3 hxg5 22. Nd7+ Ka8 23. Ra3 Nb6 24. Nxb6+ cxb6 25. c5 bxc5 26. bxc5 Qc7 27. Rc3 dxc5 28. d6 Qb6 29. Rb3 Qc6 30. d7 c4 31. Rc3 Bd3 32. Qxd3 cxd3 33. Rxc6 bxc6 34. Rxd3 Kb8 35. Rd6 Kc7 36. Rg6 Rhg8 37. Rh6 Rg7 38. f3 a5 39. Kc2 a4 40. Kc3 Rb8 41. Be6 a3 42. Kd3 Rb2 43. Ke4 Rxd7 44. Bxd7 Kxd7 45. Kxe5 Rxa2 46. Rh7+ Kc8 47. Ra7 Kb8 48. Ra4 Kb7 49. Kf5 Rxg2 50. Rxa3 c5 51. Rc3 Kc6 52. Rc1 Kd5 53. Rd1+ Kc4 54. Rc1+ Kd4 55. Rd1+ Ke3 56. Rc1 Kxf3 57. Rxc5 Kf2 58. Rc2+ Kg3 59. Rc3+ Kh2 60. Ra3 Rg3 61. Ra2+ Kh3 62. Rf2 f3 63. Ke4 g4 0-1

[Event "Lueneburg Open-A 2019"]
[Site "Lueneburg"]
[Date "2019.08.09"]
[Round "7.12"]
[White "Mueer, Sebastian"]
[Black "Grote, Dirk"]
[Result "1/2-1/2"]
[ECO "A11"]
[WhiteElo "2198"]
[BlackElo "2037"]
[Annotator "NA"]
[PlyCount "113"]
[EventDate "2019.08.03"]
[EventType "swiss"]
[EventCountry "GER"]
[SourceTitle "playchess.com"]
[Source "ChessBase"]
[SourceQuality "1"]
[TimeControl "40/5400+30:1800+30"]

1. Nf3 d5 2. c4 c6 3. g3 Bg4 4. Bg2 e6 5. O-O Nd7 6. cxd5 cxd5 7. d4 Ngf6 8. Nc3 Be7 9. Qb3 Qb6 10. Qxb6 Nxb6 11. Ne5 Bf5 12. a4 a5 13. h3 h6 14. g4 Bh7 15. Bd2 O-O 16. Rfc1 Rfc8 17. e3 Nc4 18. Nxc4 Rxc4 19. Bf1 Rcc8 20. Nb5 Bd8 21. f3 Ne8 22. Be1 Kf8 23. Bg3 Rc2 24. Rxc2 Bxc2 25. Kf2 Ke7 26. Ke1 Kd7 27. Kd2 Bg6 28. Re1 Rc8 29. e4 dxe4 30. fxe4 Bg5+ 31. Kd3 f5 32. Bg2 Nf6 33. Nd6 fxe4+ 34. Ke2 Rc2+ 35. Kf1 Rxb2 36. Nc4 Rb3 37. h4 Rxg3 38. hxg5 Nxg4 39. gxh6 gxh6 40. Bxe4 Bxe4 41. Rxe4 h5 42. Nxa5 b6 43. Nc4 Rb3 44. a5 bxa5 45. Nxa5 Rb4 46. Ke2 e5 47. Kd2 Rxd4+ 48. Rxd4+ exd4 49. Nb3 h4 50. Nxd4 h3 51. Nf3 Kd6 52. Ke2 Kd5 53. Kf1 Kc4 54. Kg1 Kd3 55. Ne5+ Nxe5 56. Kh2 Nf3+ 57. Kxh3 1/2-1/2

[Event "Lueneburg Open-A 2019"]
[Site "Lueneburg"]
[Date "2019.08.09"]
[Round "7.13"]
[White "Koellner, Aaron Noah"]
[Black "Comes, Bruno"]
[Result "1/2-1/2"]
[ECO "D05"]
[WhiteElo "2044"]
[BlackElo "2165"]
[Annotator "NA"]
[PlyCount "58"]
[EventDate "2019.08.03"]
[EventType "swiss"]
[EventCountry "GER"]
[SourceTitle "playchess.com"]
[Source "ChessBase"]
[SourceQuality "1"]
[TimeControl "40/5400+30:1800+30"]

1. Nf3 c5 2. e3 Nc6 3. d4 e6 4. c3 Nf6 5. Bd3 Be7 6. O-O d5 7. Nbd2 O-O 8. dxc5 Bxc5 9. e4 dxe4 10. Nxe4 Be7 11. Qe2 e5 12. Rd1 Qc7 13. Nxf6+ Bxf6 14. Ng5 g6 15. h4 Qe7 16. Be3 b6 17. g3 Bb7 18. Ne4 Bg7 19. Bc4 Nd4 20. Qg4 Rac8 21. Bg5 Qc7 22. cxd4 Bxe4 23. Ba6 Bb7 24. Bxb7 Qxb7 25. d5 h6 26. Be3 Rfd8 27. h5 Qd7 28. Qxd7 Rxd7 29. hxg6 fxg6 1/2-1/2

[Event "Lueneburg Open-A 2019"]
[Site "Lueneburg"]
[Date "2019.08.09"]
[Round "7.14"]
[White "Ploder, Udo"]
[Black "Chennaoui, Yasin"]
[Result "0-1"]
[ECO "B60"]
[WhiteElo "1942"]
[BlackElo "2092"]
[Annotator "NA"]
[PlyCount "66"]
[EventDate "2019.08.03"]
[EventType "swiss"]
[EventCountry "GER"]
[SourceTitle "playchess.com"]
[Source "ChessBase"]
[SourceQuality "1"]
[TimeControl "40/5400+30:1800+30"]

1. e4 c5 2. Nf3 Nc6 3. d4 cxd4 4. Nxd4 Nf6 5. Nc3 d6 6. Bg5 Qb6 7. Bxf6 gxf6 8. Ndb5 e6 9. Qd2 a6 10. Na4 Qd8 11. Nd4 Bd7 12. Nc3 h5 13. Nxc6 bxc6 14. Be2 h4 15. O-O Qa5 16. a3 Rg8 17. f4 f5 18. b4 Qb6+ 19. Kh1 Bg7 20. exf5 Qd4 21. Rad1 Qxd2 22. Rxd2 Bxc3 23. Rxd6 Ke7 24. Rfd1 Rad8 25. R6d3 Bf6 26. Re3 Bc8 27. fxe6 Rxd1+ 28. Bxd1 fxe6 29. Bf3 Rd8 30. g4 h3 31. g5 Bd4 32. Rb3 c5 33. Be4 Be3 0-1

[Event "Lueneburg Open-A 2019"]
[Site "Lueneburg"]
[Date "2019.08.09"]
[Round "7.15"]
[White "Stork, Oliver"]
[Black "Kiesel, Harald"]
[Result "1/2-1/2"]
[ECO "D02"]
[WhiteElo "2322"]
[BlackElo "2023"]
[Annotator "NA"]
[PlyCount "66"]
[EventDate "2019.08.03"]
[EventType "swiss"]
[EventCountry "GER"]
[SourceTitle "playchess.com"]
[Source "ChessBase"]
[SourceQuality "1"]
[TimeControl "40/5400+30:1800+30"]

1. d4 d5 2. Bf4 Nf6 3. e3 c5 4. c3 Nc6 5. Nd2 e6 6. Ngf3 Bd6 7. Bg3 O-O 8. Bd3 b6 9. Qe2 Bb7 10. Rd1 Rc8 11. e4 Be7 12. dxc5 bxc5 13. O-O Re8 14. h3 Bf8 15. Bh4 Be7 16. c4 Nh5 17. Bxe7 Qxe7 18. g3 Nf6 19. Rfe1 dxe4 20. Nxe4 Red8 21. Nxf6+ Qxf6 22. Be4 g6 23. Qe3 Na5 24. Bxb7 Nxb7 25. Ne5 Nd6 26. Ng4 Qg7 27. Qg5 h5 28. Nf6+ Kf8 29. Rd3 Nf5 30. Rxd8+ Rxd8 31. Nxh5 Qd4 32. Nf4 Rd6 33. Qg4 Qxb2 1/2-1/2

[Event "Lueneburg Open-A 2019"]
[Site "Lueneburg"]
[Date "2019.08.09"]
[Round "7.16"]
[White "Colbow, Collin"]
[Black "Deutschbein, Christopher"]
[Result "0-1"]
[ECO "C80"]
[WhiteElo "2167"]
[BlackElo "2015"]
[Annotator "NA"]
[PlyCount "42"]
[EventDate "2019.08.03"]
[EventType "swiss"]
[EventCountry "GER"]
[SourceTitle "playchess.com"]
[Source "ChessBase"]
[SourceQuality "1"]
[TimeControl "40/5400+30:1800+30"]

1. e4 e5 2. Nf3 Nc6 3. Bb5 a6 4. Ba4 Nf6 5. O-O Nxe4 6. d4 exd4 7. Re1 d5 8. Nxd4 Bd6 9. Nxc6 Bxh2+ 10. Kf1 Qh4 11. Qf3 O-O 12. Nd4 Bg4 13. Qe3 Bf4 14. Nf3 Qh1+ 15. Ke2 Qxg2 16. Qxf4 Qxf2+ 17. Kd3 Bxf3 18. Qe3 Nc5+ 19. Kc3 d4+ 20. Kxd4 Qh4+ 21. Qf4 Qxe1 0-1

[Event "Lueneburg Open-A 2019"]
[Site "Lueneburg"]
[Date "2019.08.09"]
[Round "7.17"]
[White "Haas, Frank-Martin"]
[Black "Reuker, Matthias"]
[Result "1/2-1/2"]
[ECO "B22"]
[WhiteElo "2152"]
[BlackElo "2012"]
[Annotator "NA"]
[PlyCount "154"]
[EventDate "2019.08.03"]
[EventType "swiss"]
[EventCountry "GER"]
[SourceTitle "playchess.com"]
[Source "ChessBase"]
[SourceQuality "1"]
[TimeControl "40/5400+30:1800+30"]

1. e4 c5 2. c3 Nf6 3. e5 Nd5 4. d4 cxd4 5. Nf3 e6 6. cxd4 d6 7. a3 Bd7 8. Bd3 Bc6 9. O-O Nd7 10. Re1 Rc8 11. b4 a6 12. Ng5 Be7 13. Qh5 g6 14. Qh6 Bf8 15. Qh3 dxe5 16. Bxg6 fxg6 17. Nxe6 Qf6 18. dxe5 Qf5 19. Qxf5 gxf5 20. Nd4 f4 21. Nf5 Rg8 22. e6 N7b6 23. e7 Nxe7 24. Nd6+ Kd7 25. Nxc8 Rxg2+ 26. Kf1 Kxc8 27. Bxf4 Rg4 28. Bg3 Bb5+ 29. Kg2 Ned5 30. Nd2 Bc6 31. f3 Rg6 32. Ne4 Nf4+ 33. Kh1 Nbd5 34. Rad1 h5 35. Rd2 Be7 36. Rg1 Nh3 37. Rc1 Ndf4 38. Re1 h4 39. Bxf4 Nxf4 40. Rg1 Rxg1+ 41. Kxg1 Bd8 42. Nd6+ Kc7 43. Ne4 Be7 44. Kf2 Bf8 45. Rc2 Kb6 46. Rc4 Kb5 47. Rd4 Nd5 48. Nc5 Be7 49. f4 Bf6 50. a4+ Kb6 51. Rxd5 Bxd5 52. Nd7+ Kc7 53. Nxf6 Bb3 54. Ke3 Bxa4 55. Kd4 Bc6 56. Ng4 b6 57. Ne3 a5 58. bxa5 bxa5 59. Nc4 a4 60. Ke5 Kd7 61. f5 h3 62. f6 Ke8 63. Kf5 Bd5 64. Na3 Kf7 65. Nb5 Be6+ 66. Kg5 Bd7 67. Nd6+ Kf8 68. Nc4 Bb5 69. Na3 Bd3 70. Kg4 Bf1 71. Kg5 Kf7 72. Kf5 Bd3+ 73. Ke5 Be2 74. Kf5 Bf1 75. Ke5 Bd3 76. Kd4 Ba6 77. Ke5 Bd3 1/2-1/2